 Dungeon Crawl Stone Soup version 0.17-a0-1900-g45e8110 (webtiles) character file.

7095 derrpe the Nimble (level 10, -12/53 HPs)
             Began as a Spriggan Abyssal Knight on Sept 24, 2015.
             Was an Elder of Lugonu.
             Mangled by Snorg (30 damage)
             ... on level 2 of the Orcish Mines.
             The game lasted 00:35:22 (14280 turns).

derrpe the Nimble (Spriggan Abyssal Knight)        Turns: 14280, Time: 00:35:22

Health: -12/53     AC:  7    Str: 12    XL:     10   Next: 84%
Magic:  4/16       EV: 27    Int: 20    God:    Lugonu [****..]
Gold:   640        SH:  0    Dex: 17    Spells: 0 memorised, 9 levels left

rFire  . . .     SeeInvis +     e - +2 dagger (distort)
rCold  + . .     Clarity  .     i - +2 robe {rN+}
rNeg   + . .     SustAt   .     (shield restricted)
rPois  .         Gourm    .     (helmet restricted)
rElec  .         Spirit   .     d - +2 cloak
rCorr  .         Warding  .     (gloves unavailable)
rMut   .         Stasis   .     (boots unavailable)
MR     ++...                    z - amulet of rage
Stlth  +++++.....               f - ring of protection from magic
                                r - ring of the Scarab {rC+ Str+4 Int+4}

@: very quick, very resistant to hostile enchantments, quite stealthy
A: unfitting armour, see invisible, herbivore 3, speed 3, slow metabolism 2
a: Depart the Abyss, Bend Space, Banish, Corrupt, Renounce Religion, Evoke
Berserk Rage


You were on level 2 of the Orcish Mines.
You worshipped Lugonu.
Lugonu was greatly pleased with you.
You were not hungry.

You visited 3 branches of the dungeon, and saw 13 of its levels.
You visited the Abyss 1 time.
You also visited: Volcano.

You collected 1323 gold pieces.
You spent 683 gold pieces at shops.

Inventory:

Hand weapons
 b - a +0 blowgun
 e - a +2 dagger of distortion (weapon)
 F - a +0 hunting sling of freezing
Missiles
 x - 151 stones (quivered)
 y - 8 poisoned needles
 C - 2 throwing nets
 G - 46 sling bullets
Armour
 d - a +2 cloak (worn)
 i - a +2 robe of positive energy (worn)
Jewellery
 f - a ring of protection from magic (right hand)
 o - an uncursed amulet of regeneration
 r - the ring of the Scarab (left hand) {rC+ Str+4 Int+4}
   (You bought it in a shop on level 7 of the Dungeon)

   [ring of protection from cold]

   It affects your strength (+4).
   It affects your intelligence (+4).
   It protects you from cold.
 u - an uncursed amulet of resist mutation
 z - an amulet of rage (around neck)
Magical devices
 w - a wand of heal wounds (2)
 I - a wand of cold (8)
Scrolls
 h - a scroll of identify
 j - 7 scrolls of remove curse
 k - 3 scrolls of enchant armour
 l - 4 scrolls of magic mapping
 q - a scroll of teleportation
 A - a scroll of immolation
Potions
 g - a potion of haste
 m - a potion of heal wounds
 n - 2 potions of cure mutation
 p - 2 potions of brilliance
 s - 2 potions of magic
 v - a potion of curing
 D - 2 potions of resistance
Books
 H - a Grand Grimoire

   Spells                             Type                      Level
   a - Monstrous Menagerie            Summoning                    6
   b - Summon Greater Demon           Summoning                    7
   c - Malign Gateway                 Summoning/Translocation      7
   d - Summon Horrible Things         Summoning                    8
Comestibles
 c - 9 bread rations {@e1}
 E - 4 slices of pizza


   Skills:
 + Level 6.5 Fighting
 + Level 9.8 Short Blades
 + Level 11.0 Dodging
 - Level 10.0 Stealth
 + Level 7.7 Invocations


You had 9 spell levels left.
You didn't know any spells.

Dungeon Overview and Level Annotations

Branches:
Dungeon (10/15)            Temple (0/1) D:6            Lair (1/8) D:9
    Orc (2/4) D:9

Altars:
Dithmenos
Elyvilon
Fedhas
Gozag
Makhleb
Nemelex Xobeh
Okawaru
Ru
Trog
Vehumet
The Shining One

Shops:
D:7 =   D:9 *

Annotations:
D:5 derrpe's ghost, experienced DsBe
Orc:2 Snorg


Innate Abilities, Weirdness & Mutations

You are tiny and cannot use many weapons and most armour.
You have supernaturally acute eyesight.
You are a herbivore.
You cover ground extremely quickly.
You need consume almost no food.


Message History

Use which ability?
Press: ? - help, Shift-Dir - straight line, f - Snorg
Aim: Snorg (moderately wounded, berserk, fast, unusually strong, chance to defeat MR: 50%) Snorg resists with some effort.
You feel somewhat more hungry. Snorg bites you. Snorg completely misses you.
Snorg barely misses you. Snorg bites you. Snorg barely misses you.
Snorg claws you.
Use which ability?
Press: ? - help, Shift-Dir - straight line, f/p - Snorg
Aim: Snorg (moderately wounded, berserk, fast, unusually strong, chance to defeat MR: 50%) Snorg resists with some effort.
You feel somewhat more hungry. Snorg completely misses you. x2
Snorg misses you.
Use which ability?
Press: ? - help, Shift-Dir - straight line, f/p - Snorg
Aim: Snorg (moderately wounded, berserk, fast, unusually strong, chance to defeat MR: 50%) Snorg resists with some effort.
You feel somewhat more hungry. Snorg misses you. Snorg completely misses you.
Snorg completely misses you. Snorg bites you!!
Ouch! That really hurt!
You die...

#.#....####.$.....##
##<....#.........#
###..........#.######
##.......##### #..#
#...<..### ## #..
#.#..#### ##.###.##
####.....###........
##.#.#.......##.$#.$..<
#....T@................
#.......#..............
#......##............##.
....... ..#.......####$
#....>. .##.....T. #.
###.... .. ...... ..
#.... .. ..... .. ###..
.###.


You could see Snorg (berserk).

Vanquished Creatures
  The ghost of horredgrones the Martial Artist, an experienced OpTm of Okawaru (D:9)
  An orc sorcerer (Orc:2)
  A fire drake (Volcano)
  Grinder (D:4)
  Prince Ribbit (D:5)
  A yak (D:9)
  A hog (D:7)
  A human (D:7)
  A hungry ghost (D:8)
  2 fire bats (Volcano)
  Edmund (D:6)
  8 orc warriors
  2 sky beasts
  3 wargs (Orc:1)
  6 ogres
  A black bear (D:7)
  A phantom (D:9)
  A centaur (D:5)
  5 giant frogs
  2 scorpions
  5 wights (D:9)
  2 electric eels
  2 giant frog zombies
  4 crimson imps
  2 hounds (D:7)
  A jelly (D:5)
  Crazy Yiuf (D:6)
  A centaur skeleton (D:4)
  17 orc wizards
  4 worker ants
  A centaur zombie (D:8)
  6 orc priests
  3 sheep (D:7)
  2 hound skeletons (D:5)
  A worker ant zombie (D:6)
  8 adders
  2 shadow imps
  An adder skeleton (D:6)
  3 worms
  77 orcs
  2 ball pythons
  11 bats
  3 giant cockroaches
  7 goblins
  6 hobgoblins
  10 jackals
  12 kobolds
  2 quokkas
  6 giant geckos
  2 giant gecko skeletons (D:4)
  4 giant newts
  A quokka skeleton (D:8)
  A quokka zombie (D:5)
  4 rats
255 creatures vanquished.

Vanquished Creatures (others)
  A two-headed ogre (Orc:1)
  A warg (Orc:1)
  2 orc warriors (Orc:1)
  An orc (Orc:1)
  6 bushes (Abyss:1)
  2 plants
13 creatures vanquished.

Grand Total: 268 creatures vanquished

Notes
Turn   | Place    | Note
--------------------------------------------------------------
     0 | Abyss:1  | derrpe the Spriggan Abyssal Knight began the quest for the Orb.
     0 | Abyss:1  | Reached XP level 1. HP: 11/11 MP: 3/3
    16 | Abyss:1  | Found a corrupted altar of Lugonu.
   103 | Abyss:1  | Noticed a small abomination
   124 | Abyss:1  | Noticed a black mamba
   125 | Abyss:1  | Noticed a naga sharpshooter
   132 | Abyss:1  | Noticed a wasp
   166 | Abyss:1  | Noticed a thrashing horror
   211 | Abyss:1  | Found a corrupted altar of Lugonu.
   253 | Abyss:1  | Found a corrupted altar of Lugonu.
   258 | Abyss:1  | Found a corrupted altar of Lugonu.
   324 | Abyss:1  | Noticed a small abomination
   339 | Abyss:1  | Noticed a large abomination
   397 | Abyss:1  | Noticed a raiju
   400 | D:1      | Escaped the Abyss
   787 | D:1      | Acquired Lugonu's first power
   787 | D:1      | Reached skill level 1 in Stealth
   880 | D:1      | Reached XP level 2. HP: 13/16 MP: 4/4
  1229 | D:1      | Found a sparkling altar of Nemelex Xobeh.
  1565 | D:2      | Reached XP level 3. HP: 13/19 MP: 5/5
  1751 | D:2      | Found a white marble altar of Elyvilon.
  1793 | D:2      | Found a sparkling altar of Nemelex Xobeh.
  1797 | D:2      | Reached skill level 4 in Dodging
  2091 | D:2      | Reached XP level 4. HP: 23/23 MP: 6/6
  2100 | D:2      | You fall through a shaft for 2 floors!
  2127 | D:4      | Acquired Lugonu's second power
  2163 | D:3      | Found a bloodstained altar of Trog.
  2361 | D:3      | Found a faded altar to an unknown god.
  2584 | D:3      | Found a glowing golden altar of the Shining One.
  3165 | D:3      | Reached XP level 5. HP: 24/27 MP: 6/8
  3356 | D:3      | Reached skill level 5 in Dodging
  3820 | D:4      | Noticed Grinder
  3829 | D:4      | Killed Grinder
  3829 | D:4      | Acquired Lugonu's third power
  3829 | D:4      | Reached skill level 5 in Short Blades
  3829 | D:4      | Reached XP level 6. HP: 32/32 MP: 9/9
  3982 | D:4      | Found an iron altar of Okawaru.
  3996 | D:4      | Found a sacrificial altar of Ru.
  4399 | D:5      | Entered Level 5 of the Dungeon
  4422 | D:5      | Reached XP level 7. HP: 35/35 MP: 10/10
  4427 | D:5      | Reached skill level 6 in Dodging
  4427 | D:5      | Reached skill level 5 in Stealth
  4894 | D:5      | Reached XP level 8. HP: 40/40 MP: 12/12
  4941 | D:5      | Noticed Prince Ribbit
  4943 | D:5      | Killed Prince Ribbit
  4943 | D:5      | Reached skill level 7 in Dodging
  5036 | D:5      | Acquired Lugonu's fourth power
  5121 | D:5      | Found a sparkling altar of Nemelex Xobeh.
  5124 | D:5      | Found a burning altar of Makhleb.
  5126 | D:5      | Found a radiant altar of Vehumet.
  5154 | D:5      | Noticed derrpe's ghost (experienced DsBe)
  5222 | D:6      | Noticed Edmund
  5261 | D:6      | Killed Edmund
  5318 | D:6      | Found an opulent altar of Gozag.
  5460 | D:6      | Noticed Crazy Yiuf
  5491 | D:6      | Killed Crazy Yiuf
  5658 | D:6      | Found a staircase to the Ecumenical Temple.
  5933 | D:7      | Found Roquith's Jewellery Shop.
  5990 | D:7      | Found a blossoming altar of Fedhas.
  5997 | D:7      | Reached skill level 5 in Invocations
  6009 | D:7      | Found a shadowy altar of Dithmenos.
  6326 | D:7      | Reached skill level 8 in Dodging
  6331 | D:7      | Reached XP level 9. HP: 24/46 MP: 13/13
  8506 | D:8      | Reached skill level 9 in Stealth
  9110 | D:9      | Noticed horredgrones's ghost (experienced OpTm)
  9210 | D:9      | Killed horredgrones's ghost
  9210 | D:9      | Reached skill level 5 in Fighting
  9340 | D:9      | Found a staircase to the Orcish Mines.
 10554 | D:9      | Acquired Lugonu's fifth power
 10755 | D:9      | Reached XP level 10. HP: 51/51 MP: 15/15
 10963 | D:9      | Found a staircase to the Lair.
 10989 | D:9      | Found an opulent altar of Gozag.
 10989 | D:9      | Found Gozag's Platinum Reserve.
 11028 | D:9      | Reached skill level 10 in Stealth
 11293 | Lair:1   | Entered Level 1 of the Lair of Beasts
 11299 | Lair:1   | Noticed a seven-headed hydra
 11377 | Orc:1    | Entered Level 1 of the Orcish Mines
 11729 | Orc:1    | Reached skill level 10 in Dodging
 12408 | D:7      | Bought the ring of the Scarab {rC+ Str+4 Int+4} for 683 gold pieces
 12499 | D:10     | Entered Level 10 of the Dungeon
 13438 | Orc:2    | Noticed Snorg
 13472 | Orc:2    | Found a dark tunnel.
 13482 | Volcano  | Entered a volcano
 13600 | Volcano  | Found a bloodstained altar of Trog.
 13600 | Volcano  | Noticed a lindwurm
 13695 | Orc:2    | Noticed an orc sorcerer
 13701 | Orc:2    | Killed an orc sorcerer
 13781 | Orc:2    | Reached skill level 11 in Dodging
 14280 | Orc:2    | Mangled by Snorg

Vault maps used:
D:1:      scummos_arrival_hexagon, nemelex_diamond_rough_becter
D:2:      elyvilon_altar_5, nemelex_xobeh_ov_fountains_minmay
D:3:      kennysheep_big_flooded_room, overflow_temple_1_default, tso_altar,
          ecumenical_altar_2
D:4:      grunt_temple_overflow_open, first_bread, uniq_grinder
D:5:      minitemple, kennysheep_generic_room_12, uniq_menkaure, uniq_pikel,
          uniq_prince_ribbit1
D:6:      overflow_temple_1_default, temple_doors_e, kennysheep_generic_room_4,
          uniq_edmund, uniq_crazy_yiuf_cottage
D:7:      nicolae_dithmenos_shadow_blocks, overflow_temple_1_default,
          serial_shops, nicolae_shop_trees, grunt_livestock
D:8:      wad_woods_pond, minmay_misc_feat_doors, kennysheep_generic_room_8
D:9:      lair_0_dummy, david_orc_2, nicolae_gozag_zags_fifth_avenue
Lair:1:   beast_lair_carwin_large_2, lemuel_fruit_tree, grunt_megastairs_4
Orc:1:    nooodl_orcs_dogs
Orc:2:    nicolae_volcano_entry_lava_flow, uniq_snorg
Volcano:  volcano_grotto

Action                   |  1- 3 |  4- 6 |  7- 9 | 10-12 || total
-------------------------+-------+-------+-------+-------++-------
Melee: Short sword       |   116 |    20 |   264 |   367 ||   767
       Whip              |       |   123 |     5 |       ||   128
       Dagger            |       |       |       |     9 ||     9
 Fire: Blowgun           |       |       |    47 |    13 ||    60
       Hunting sling     |       |       |   242 |       ||   242
Throw: Stone             |       |       |     6 |       ||     6
Invok: Depart the Abyss  |     1 |       |       |       ||     1
       Banish            |       |       |       |    13 ||    13
 Abil: Evoke Berserk Rag |       |     2 |     3 |     3 ||     8
  Use: Scroll            |     5 |       |     7 |     7 ||    19
       Potion            |       |     2 |     4 |     2 ||     8
 Stab: Sleeping          |     3 |     6 |    18 |     9 ||    36
       Distracted        |       |       |     1 |       ||     1
  Eat: Pizza             |       |     1 |       |     3 ||     4
       Bread ration      |       |       |     1 |     1 ||     2
       Royal jelly       |       |       |     2 |       ||     2
